 Dungeon Crawl Stone Soup version 0.21.1-68-g103a7af (webtiles) character file.

345 wilfster70 the Digger (level 6, -3/32 HPs)
             Began as a Gargoyle Earth Elementalist on Aug 2, 2018.
             Slain by an orc warrior
             ... wielding a +0 glaive
              (17 damage)
             ... on level 3 of the Dungeon.
             The game lasted 00:14:16 (3974 turns).

wilfster70 the Digger (Gargoyle Earth Elementalist) Turns: 3974, Time: 00:14:17

Health: -3/32      AC:  7    Str: 12    XL:     6   Next: 58%
Magic:  10/13      EV: 16    Int: 17    God:
Gold:   145        SH:  0    Dex: 10    Spells: 10/14 levels left

rFire    . . .     SeeInvis .   a - +0 dagger
rCold    . . .     Gourm    .   (no shield)
rNeg     + . .     Faith    .   c - +0 robe
rPois    ∞         Spirit   .   (no helmet)
rElec    +         Reflect  .   (no cloak)
rCorr    .         Harm     .   (no gloves)
MR       .....                  u - +0 pair of boots
Stlth    ++........             (no amulet)
HPRegen  0.10/turn              w - +4 ring of evasion
MPRegen  0.13/turn              (no ring)

@: no status effects
A: negative energy resistance 1, electricity resistance, unbreathing,
petrification resistance, rot immunity, AC +4
a: no special abilities


You were on level 3 of the Dungeon.
You were very hungry.

You visited 1 branch of the dungeon, and saw 4 of its levels.

You collected 145 gold pieces.

Inventory:

Hand Weapons
 a - a +0 dagger (weapon)
Missiles
 b - 69 stones (quivered)
 n - 42 sling bullets
Armour
 c - a +0 robe (worn)
 k - a +0 large shield
 u - a +0 pair of boots (worn)
Jewellery
 w - a +4 ring of evasion (left hand)
Wands
 t - a wand of acid (8)
Scrolls
 i - 3 scrolls of teleportation
 m - 4 scrolls of remove curse
 o - 2 scrolls of identify
Potions
 f - a potion of haste {unknown}
 g - 2 potions of mutation
 h - a potion of resistance
 j - a potion of curing {unknown}
 l - 2 potions of brilliance
 p - 3 potions of heal wounds
 q - a potion of lignification {unknown}
 r - a potion of might {unknown}
 v - a potion of degeneration {unknown}
Books
 e - a book of Geomancy

   Spells                             Type                      Level
   a - Sandblast                      Earth                        1
   b - Passwall                       Transmutation/Earth          2
   c - Stone Arrow                    Conjuration/Earth            3
   d - Petrify                        Transmutation/Earth          4
   e - Lee's Rapid Deconstruction     Earth                        5
Comestibles
 d - 11 rations


   Skills:
 - Level 1.5 Dodging
 - Level 2.1 Stealth
 + Level 3.0 Shields
 * Level 4.7 Spellcasting
   Level 0.7 Transmutations
 + Level 5.3 Earth Magic


You had 10 spell levels left.
You knew the following spells:

 Your Spells              Type           Power        Failure   Level  Hunger
a - Sandblast             Erth           ###...       1%          1    None
b - Stone Arrow           Conj/Erth      ##....       14%         3    ###....


Dungeon Overview and Level Annotations

Branches:
Dungeon (4/15)
 Temple: D:4-7

Altars:
Kikubaaqudgha
Nemelex Xobeh
Ru


Innate Abilities, Weirdness & Mutations

You are resistant to torment.
Your stone body is resilient. (AC +4)
You are immune to poison.
You resist negative energy. (rN+)
You are resistant to electric shocks. (rElec)
You can survive without breathing.
You are immune to petrification.
You are immune to rotting.


Message History

Casting: Sandblast
Confirm with . or Enter, or press ? or * to list all spells.
Aiming: Sandblast
Press: ? - help, Shift-Dir - straight line, f - orc
Aim: an orc, wielding a flail and wearing a leather armour The blast of sand misses the orc.
b - 70 stones The orc hits you with a flail.
The orc warrior closely misses you.
Casting: Sandblast
Confirm with . or Enter, or press ? or * to list all spells.
Aiming: Sandblast
Press: ? - help, Shift-Dir - straight line, f/p - orc
Aim: an orc, wielding a flail and wearing a leather armour The blast of sand hits the orc.
The orc is moderately wounded.
b - 69 stones The orc barely misses you.
The orc warrior hits you from afar with a glaive!
Ouch! That really hurt!
You die...

...............###.......#####.#
..#####..#####.................#
..# ##......####..####.#######
..# ####.........#....##.# .##
#....###..[#^..##.##.# .#
#.##.###..###..##.##.#
#####.#...##...#.........#
........_.......o####.####
##...##...#.###.@>o...#
#...###.##.# #########
#...###....# ##.......####
.........# .........# ##########


You could see an orc warrior and an orc.

Vanquished Creatures
  Grinder (D:3)
  An orc wizard (D:3)
  4 adders
  2 oozes (D:1)
  2 worms
  3 dart slugs
  2 leopard geckos
  4 orcs
  7 giant cockroaches
  5 goblins
  9 hobgoblins
  A quokka (D:2)
  A ball python (D:3)
  10 bats
  4 frilled lizards
  8 kobolds
  4 rats
68 creatures vanquished.

Notes
Turn   | Place    | Note
-------+----------+-------------------------------------------
     0 | D:1      | wilfster70 the Gargoyle Earth Elementalist began the quest for the Orb.
     0 | D:1      | Reached XP level 1. HP: 10/10 MP: 3/3
   141 | D:1      | Reached XP level 2. HP: 15/15 MP: 3/5
   442 | D:1      | Reached skill level 4 in Earth Magic
   871 | D:1      | Reached XP level 3. HP: 16/19 MP: 5/7
   940 | D:1      | Found a sparkling altar of Nemelex Xobeh.
  1347 | D:1      | Learned a level 3 spell: Stone Arrow
  1441 | D:2      | Reached skill level 1 in Shields
  1476 | D:2      | Reached XP level 4. HP: 23/24 MP: 8/8
  1571 | D:2      | Found a sacrificial altar of Ru.
  2337 | D:3      | Found an ancient bone altar of Kikubaaqudgha.
  2768 | D:3      | Noticed Grinder
  2771 | D:3      | Paralysed by Grinder for 6 turns
  3100 | D:3      | Paralysed by Grinder for 5 turns
  3106 | D:3      | Killed Grinder
  3106 | D:3      | Reached skill level 5 in Earth Magic
  3106 | D:3      | Reached XP level 5. HP: 22/28 MP: 3/11
  3106 | D:3      | Reached XP level 6. HP: 26/32 MP: 3/12
  3749 | D:4      | Noticed an orc warrior
  3974 | D:3      | Slain by an orc warrior

Skill      XL: |  1  2  3  4  5  6 |
---------------+-------------------+-----
Earth Magic    | 4 5 |  5.3
Spellcasting   | 3 4 |  4.7
Shields        | 1 2 3 |  3.0
Dodging        | |  1.5
Stealth        | |  2.1
Transmutations | |  0.7

Action                   |  1- 3 |  4- 6 || total
-------------------------+-------+-------++-------
Melee: Club              |   113 |       ||   113
       Dagger            |    47 |   124 ||   171
 Cast: Sandblast         |    21 |    43 ||    64
  Use: Potion            |       |     1 ||     1
       Scroll            |       |     6 ||     6
 Stab: Sleeping          |     3 |       ||     3
  Eat: Chunk             |     2 |     7 ||     9
Armor: Robe              |   101 |    45 ||   146
Dodge: Dodged            |   186 |   104 ||   290
